 Dungeon Crawl Stone Soup version 0.26.1-11-gd32895ea62 (webtiles) character file.

Game seed: 17118681086488070443

369 shadow764 the Skirmisher (level 6, 0/57 HPs)
             Began as a Minotaur Berserker on Apr 19, 2021.
             Was a Believer of Trog.
             Killed from afar by an orc wizard (7 damage)
             ... with a magic dart
             ... on level 5 of the Dungeon.
             The game lasted 00:04:39 (2375 turns).

shadow764 the Skirmisher (Minotaur Berserker)       Turns: 2375, Time: 00:04:39

Health: 0/57       AC:  4    Str: 23    XL:     6   Next: 41%
Magic:  5/5        EV: 13    Int:  4    God:    Trog [**....]
Gold:   55         SH:  0    Dex: 10    Spells: 5/5 levels left

rFire    . . .     SeeInvis .   a - +0 hand axe
rCold    . . .     Faith    .   (no shield)
rNeg     . . .     Spirit   .   h - +0 leather armour
rPois    .         Reflect  .   (helmet restricted)
rElec    .         Harm     .   (no cloak)
rCorr    .         Rampage  .   (no gloves)
Will     .....                  f - +0 pair of boots
Stlth    +.........             (no amulet)
HPRegen  0.19/turn              (no ring)
MPRegen  0.09/turn              (no ring)

@: mighty, hasted, very quick
A: retaliatory headbutt, horns 2
a: Renounce Religion, Berserk, Trog's Hand


You were on level 5 of the Dungeon.
You worshipped Trog.
Trog was pleased with you.
You visited 1 branch of the dungeon, and saw 4 of its levels.

You collected 55 gold pieces.

Inventory:

Hand Weapons
 a - a +0 hand axe (weapon)
Armour
 f - a +0 pair of boots (worn)
 h - a +0 leather armour (worn)
Scrolls
 b - 2 scrolls of identify
 c - a scroll of blinking {unknown}
 g - a scroll of noise {unknown}
 j - a scroll of amnesia {unknown}
 l - 2 scrolls of remove curse {unknown}
 m - a scroll of fear {unknown}


   Skills:
 * Level 5.9 Fighting
 + Level 5.5 Axes
 * Level 4.2 Armour
 + Level 3.5 Dodging
 + Level 0.6 Stealth


You had 5 spell levels left.
You didn't know any spells.
Your spell library was empty.

Dungeon Overview and Level Annotations

Branches:
Dungeon (3/15)

Altars:


Innate Abilities, Weirdness & Mutations

You reflexively headbutt those who attack you in melee.
You have a pair of horns on your head.


Message History

The iguana bites you but does no damage.
Something hits you but does no damage.
You closely miss the iguana.
The iguana is severely wounded.
You miss something. The iguana barely misses you.
Something hits you but does no damage.
It was a potion of haste.
You feel yourself speed up. The iguana misses you.
You hear some strange, mumbled words.
A puff of flame appears from out of thin air!
The puff of flame hits you!
* * * LOW HITPOINT WARNING * * *
It was a potion of might.
You feel very mighty all of a sudden. The iguana bites you!
* * * LOW HITPOINT WARNING * * *
It was a potion of curing.
You feel better.
You hear some strange, mumbled words.
A magic dart appears from out of thin air!
The magic dart hits you!
You die...

#....o.o..o...#
#)###########?# #)# #.#
#o## ###.#### ..)##
#.........# ....##
#?....##..# .o...#
##..##.# .#
......####...#..##..#...
......+.........@l......
......####.......{..####
.....## ##.##[######
....## ## #.# ...## #.#
#'## #.#
#.############.#
...............#
#.###..#########


You could see an iguana.

Vanquished Creatures
  Sigmund (D:2)
  An ogre (D:5)
  2 orc wizards (D:5)
  3 adders (D:2)
  2 dart slugs (D:1)
  2 worms (D:2)
  6 orcs
  4 giant cockroaches
  5 goblins
  5 hobgoblins
  5 kobolds
  A quokka (D:2)
  4 bats
  3 frilled lizards
  A quokka skeleton (D:5)
  8 rats
53 creatures vanquished.

Vanquished Creatures (others)
  4 plants (D:2)
4 creatures vanquished.

Grand Total: 57 creatures vanquished

Notes
Turn   | Place    | Note
-------+----------+-------------------------------------------
     0 | D:1      | shadow764 the Minotaur Berserker began the quest for the
                  | Orb.
     0 | D:1      | Reached XP level 1. HP: 19/19 MP: 0/0
   102 | D:1      | Reached XP level 2. HP: 27/27 MP: 1/1
   699 | D:2      | Reached XP level 3. HP: 26/34 MP: 2/2
   752 | D:2      | Reached ** piety under Trog
  1478 | D:2      | Noticed Sigmund
  1496 | D:2      | Killed Sigmund
  1497 | D:2      | Reached skill level 5 in Fighting
  1497 | D:2      | Reached skill level 5 in Axes
  1497 | D:2      | Reached XP level 4. HP: 24/42 MP: 3/3
  1497 | D:2      | Reached XP level 5. HP: 27/48 MP: 4/4
  2200 | D:3      | You fall into a shaft and drop 2 floors!
  2200 | D:5      | Entered Level 5 of the Dungeon
  2200 | D:5      | Noticed an ogre
  2267 | D:5      | Killed an ogre
  2268 | D:5      | Reached XP level 6. HP: 23/57 MP: 5/5
  2374 | D:5      | HP: 2/57 [iguana (9)]
  2375 | D:5      | Killed from afar by an orc wizard

Illustrated notes

Levels and vault maps discovered:
D:1:      roderic_octagonal_star, layout_basic
D:2:      layout_loops_ring, serial_forest, infiniplex_forest_zigzag_1,
          infiniplex_forest_lined_room_2, infiniplex_forest_lined_corner,
          infiniplex_forest_end_2, infiniplex_forest_clump_curved,
          infiniplex_forest_zigzag_1, infiniplex_forest_join,
          infiniplex_forest_lined_room_, infiniplex_forest_clump_tiny,
          uniq_sigmund
D:3:      layout_loops_ring, cheibrodos_ashenzari_chains, corexii_hall_statues_s
D:5:      layout_loops_corners, minmay_temple_entry_from_below_a

Skill      XL: |  1  2  3  4  5 |
---------------+----------------+-----
Axes           | 4 5 |  5.5
Fighting       | 4 5 |  5.9
Armour         | 3 4 |  4.2
Dodging        | 3 |  3.5
Stealth        | |  0.6

Action                   |  1- 3 |  4- 6 || total
-------------------------+-------+-------++-------
Melee: Hand axe          |    81 |    50 ||   131
       Headbutt          |    15 |    12 ||    27
Invok: Berserk           |       |     1 ||     1
  Use: Scroll            |       |     2 ||     2
       Potion            |       |     3 ||     3
Armor: Animal skin       |     6 |       ||     6
       Leather armour    |    10 |    14 ||    24
Dodge: Dodged            |    47 |    29 ||    76
